 Dungeon Crawl Stone Soup version 0.26.0-10-g1f06aea511 (webtiles) character file.

Game seed: 6718853072671296743

191 wakim the Insei (level 5, -3/39 HPs)
             Began as a Merfolk Transmuter on Jan 23, 2021.
             Slain by an orc warrior
             ... wielding a +0 glaive
              (24 damage)
             ... on level 3 of the Dungeon.
             The game lasted 00:12:20 (3458 turns).

wakim the Insei (Merfolk Transmuter)                Turns: 3458, Time: 00:12:21

Health: -3/39      AC:  3    Str: 11    XL:     5   Next: 70%
Magic:  5/8        EV: 13    Int: 13    God:
Gold:   165        SH:  0    Dex: 14    Spells: 6/9 levels left

rFire    . . .     SeeInvis .     - Unarmed
rCold    . . .     Faith    .   (no shield)
rNeg     . . .     Spirit   .   z - +0 leather armour
rPois    .         Reflect  .   (helmet currently unavailable)
rElec    .         Harm     .   (no cloak)
rCorr    .         Rampage  .   (no gloves)
Will     +....                  (boots currently unavailable)
Stlth    ++........             (no amulet)
HPRegen  0.13/turn              u - ring of willpower
MPRegen  0.11/turn              (no ring)

@: appendages, wereblooded
A: change form in water, swift swim, stealthy swim, horns 2
a: End Transformation


You were on level 3 of the Dungeon.
You had grown temporary horns.
You visited 1 branch of the dungeon, and saw 3 of its levels.

You collected 165 gold pieces.

Inventory:

Missiles
 v - 3 boomerangs (quivered)
Armour
 a - a +0 robe
 m - a cursed +0 helmet (melded)
 n - a +0 ring mail
 x - a +0 plate armour
 z - a +0 leather armour (worn)
Jewellery
 u - a ring of willpower (left hand)
Wands
 q - a wand of digging (5)
Scrolls
 c - 2 scrolls of noise {unknown}
 e - 2 scrolls of remove curse {unknown}
 g - a scroll of blinking {unknown}
 h - a scroll of teleportation {unknown}
 p - 4 scrolls of identify {unknown}
 w - 3 scrolls of amnesia {unknown}
 y - a scroll of enchant armour {unknown}
Potions
 b - 2 potions of heal wounds {unknown}
 d - a potion of attraction {unknown}
 f - a potion of degeneration {unknown}
 i - a potion of haste {unknown}
 j - 3 potions of flight {unknown}
 k - a potion of resistance {unknown}
 l - a potion of ambrosia {unknown}
 o - a potion of magic {unknown}
 r - 6 potions of curing {unknown}
 s - a potion of brilliance {unknown}
 t - 2 potions of mutation {unknown}


   Skills:
 + Level 2.3 Fighting
 + Level 3.5 Dodging
 + Level 1.7 Stealth
 * Level 4.5 Unarmed Combat
 + Level 2.6 Spellcasting
 * Level 4.2 Transmutations


You had 6 spell levels left.
You knew the following spells:

 Your Spells              Type           Power        Failure   Level
a - Beastly Appendage     Tmut           24%          5%          1
b - Wereblood             Tmut           12%          9%          2

Your spell library contained the following spells:

 Spells                   Type           Power        Failure   Level
 Spider Form              Tmut/Pois      3%           36%         3
 Ice Form                 Ice/Tmut       7%           78%         4
 Blade Hands              Tmut           6%           83%         5


Dungeon Overview and Level Annotations

Branches:
Dungeon (3/15)

Altars:


Innate Abilities, Weirdness & Mutations

You revert to your normal form in water.
You are very nimble and swift while swimming.
You are very stealthy in the water. (Stealth+)
You have a pair of horns on your head.


Message History

Your cursed +0 helmet unmelds from your body.
The orc warrior shouts!
There is a stone staircase leading up here.
Casting: Beastly Appendage (safe; 5% risk of failure)
Confirm with . or Enter, or press ? or * to list all spells.
Your blood is infused with primal strength.
The orc hits you but does no damage. The orc barely misses you.
Casting: Wereblood (safe; 9% risk of failure)
Confirm with . or Enter, or press ? or * to list all spells.
You grow a pair of large bovine horns.
Your cursed +0 helmet melds into your body.
The orc warrior hits you with a +0 glaive!
You barely miss the orc warrior. The orc hits you but does no damage.
You hit the orc warrior.
The orc warrior is lightly wounded.
The orc hits you from afar with a +0 trident!
The orc warrior hits you with a +0 glaive!!
Ouch! That really hurt!
You die...

#.##.# #....##
#.##o# #.#.###
#.##.# #.#.###
#)##.# #....##
####.##.# #..#..#
#....o..# ##...#.
#o#####.# ##.###
#o# #.# ##.## #
#@# #.# #.## #<#
#.#####.## #
#.#####........###
#.......#####.#.#.
#.####### #.##.#
#.# #..... #.#
####.. #.# #.. #.#
##.


You could see an orc warrior and an orc.

Vanquished Creatures
  An orc wizard (D:3)
  Jessica (D:2)
  An iguana (D:3)
  Robin (D:2)
  2 adders
  2 oozes (D:2)
  A dart slug (D:1)
  2 leopard geckos (D:3)
  5 orcs (D:3)
  3 giant cockroaches
  11 goblins
  9 hobgoblins
  9 kobolds
  8 bats
  A frilled lizard (D:1)
  7 rats
64 creatures vanquished.

Notes
Turn   | Place    | Note
-------+----------+-------------------------------------------
     0 | D:1      | wakim the Merfolk Transmuter began the quest for the Orb.
     0 | D:1      | Reached XP level 1. HP: 15/15 MP: 3/3
   277 | D:1      | Reached XP level 2. HP: 19/21 MP: 5/5
   280 | D:1      | Learned a level 2 spell: Wereblood
   996 | D:2      | Reached XP level 3. HP: 14/26 MP: 2/6
   997 | D:2      | Noticed Robin
  1245 | D:2      | Killed Robin
  1421 | D:2      | Reached XP level 4. HP: 33/33 MP: 7/7
  1474 | D:2      | Found a faded altar of an unknown god.
  1497 | D:2      | Noticed Jessica
  1508 | D:2      | Reached skill level 1 in Stealth
  1514 | D:2      | Killed Jessica
  2235 | D:3      | Reached XP level 5. HP: 34/38 MP: 6/8
  2274 | D:3      | Noticed an orc warrior
  3458 | D:3      | Slain by an orc warrior

Illustrated notes

Levels and vault maps discovered:
D:1:      saegor_arrival_simple_a, layout_loops_ring, chequers_avenue
D:2:      layout_basic, chequers_ecumenical_altar_simple_redux,
          supply_closet_lemuel, chequers_serial_rivers_room_a,
          minmay_crystal_room, amethyst_killhole, uniq_robin, uniq_jessica
D:3:      layout_loops_ring, minmay_misc_feat_iff, patterned_corridor

Skill      XL: |  1  2  3  4  5 |
---------------+----------------+-----
Dodging        | 3 |  3.5
Transmutations | 3 4 |  4.2
Stealth        | 1 |  1.7
Fighting       | 2 |  2.3
Unarmed Combat | 4 |  4.5
Spellcasting   | |  2.6

Action                   |  1- 3 |  4- 6 || total
-------------------------+-------+-------++-------
Melee: Unarmed           |    95 |   114 ||   209
       Headbutt          |    11 |    10 ||    21
Throw: Boomerang         |       |    15 ||    15
 Cast: Beastly Appendage |    14 |    12 ||    26
       Wereblood         |     3 |     3 ||     6
 Stab: Sleeping          |     1 |       ||     1
Armor: Robe              |     5 |       ||     5
       Ring mail         |     2 |    36 ||    38
       Leather armour    |       |     2 ||     2
Dodge: Dodged            |    51 |    52 ||   103
